 Dungeon Crawl Stone Soup version 0.18.1-50-g88ac8fd (webtiles) character file.

1031 go0n the Shield-Bearer (level 8, -1/65 HPs)
             Began as a Formicid Fighter on Sept 16, 2016.
             Killed by nerve-wracking pain
             ... invoked by an orc priest
              (13 damage)
             ... on level 7 of the Dungeon.
             The game lasted 00:32:34 (4757 turns).

go0n the Shield-Bearer (Formicid Fighter)           Turns: 4757, Time: 00:32:35

Health: -1/65      AC:  9    Str: 24      XL:     8   Next: 47%
Magic:  8/8        EV: 10    Int:  7      God:
Gold:   111        SH: 13    Dex: 10 (12) Spells: 0 memorised, 7 levels left

rFire  + . .     SeeInvis +     a - +0 long sword
rCold  x . .     Gourm    .     A - +2 ring mail
rNeg   . . .     Faith    .     c - +0 shield
rPois  .         Spirit   .     (helmet unavailable)
rElec  .         Dismiss  .     (no cloak)
rCorr  .         Reflect  .     (no gloves)
SustAt .         Harm     .     (no boots)
MR     .....                    (no amulet)
Stlth  +.........               B - ring of fire
                                n - ring of stealth

@: not resistant to hostile enchantments, very unstealthy
A: permanent stasis, dig shafts and tunnels, four strong arms, antennae 3, large
bone plates 1, agile 1, evolution 1, subdued magic 1
a: Dig, Shaft Self


You were on level 7 of the Dungeon.
You were not hungry.

You visited 2 branches of the dungeon, and saw 8 of its levels.

You collected 111 gold pieces.

Inventory:

Hand Weapons
 a - a +0 long sword (weapon)
Missiles
 e - 4 curare-tipped needles (quivered)
Armour
 b - a +0 scale mail
 c - a +0 shield (worn)
 j - a +0 ring mail
 l - a +0 ring mail
 y - a +0 scale mail
 z - a +0 chain mail
 A - a +2 ring mail (worn)
Jewellery
 n - a ring of stealth (left hand)
 q - an uncursed ring of flight
 v - an uncursed ring of flight
 B - a ring of fire (right hand)
Wands
 d - a wand of confusion (0/48)
 D - a wand of slowing (45/48)
Scrolls
 g - 9 scrolls of identify
 h - a scroll of recharging
 k - a scroll of amnesia
Potions
 i - a potion of degeneration
 m - a potion of haste
 o - a potion of curing {unknown}
 s - 2 potions of heal wounds {unknown}
 t - a potion of flight {unknown}
 C - 2 potions of berserk rage
Books
 r - a book of Dreams

   Spells                             Type                      Level
   a - Ensorcelled Hibernation        Hexes/Ice                    2
   b - Silence                        Hexes/Air                    5
   c - Darkness                       Hexes                        6
   d - Shadow Creatures               Summoning                    6
Comestibles
 f - 3 bread rations
 p - a meat ration


   Skills:
 + Level 6.9 Fighting
 + Level 5.4 Long Blades
 - Level 3.2 Armour
 - Level 0.6 Dodging
 + Level 7.3 Shields


You had 7 spell levels left.
You didn't know any spells.

Dungeon Overview and Level Annotations

Branches:
Dungeon (7/15)             Temple (1/1) D:5

Altars:
Dithmenos
Fedhas
Gozag
Kikubaaqudgha
Nemelex Xobeh
Okawaru
Qazlal
Ru
Sif Muna
Vehumet
Xom
Yredelemnul


Innate Abilities, Weirdness & Mutations

You are under a permanent stasis effect.
You can dig through walls and to a lower floor.
Your four strong arms can wield two-handed weapons with a shield.
You have a pair of large antennae on your head (SInv).
You are partially covered in large bone plates (AC +2, SH +2).
You are agile. (Dex +2)
You evolve.
Your spells are a little easier to cast, but a little less powerful.


Message History

You block the orc priest's attack.
You barely miss the orc priest. You block the orc priest's attack.
You hit the orc priest but do no damage.
The orc priest mumbles some strange prayers to Beogh against you.
You struggle to resist.
You closely miss the orc priest. The orc priest completely misses you.
You hit the orc priest.
The orc priest is lightly wounded.
The orc priest hits you but does no damage.
You hit the orc priest but do no damage.
The orc priest is lightly wounded.
The orc priest hits you but does no damage.
You hit the orc priest.
The orc priest is lightly wounded.
The orc priest hits you but does no damage.
You slash the orc priest!
The orc priest is severely wounded.
The orc priest calls down the wrath of Beogh upon you.
Pain shoots through your body!
You die...

#.... #.#.# . #.#.# ..
#.#.# ... #.#.# ... #.#.#
.. ##.####.#.#.###..
.......zo@.......
...####z########.
#>....{{{.......
###.####)#######.#.#####.
#.####.## ##.#.##....
#...(...# #.....#.###
#..(.Z..# #...#.#.#≈#
#.)#+#..# #...#...###
#..# #..# #.(.##.....


You could see 2 wights and an orc priest.

Vanquished Creatures
  Duvessa (D:4)
  A centaur (D:7)
  2 giant frogs (D:6)
  Dowan (D:4)
  A scorpion (D:7)
  A jelly (D:6)
  A howler monkey (D:6)
  A giant frog zombie (D:5)
  2 crimson imps
  A quasit (D:6)
  3 giant frog skeletons
  2 orc priests
  A hound (D:6)
  Ijyb (D:2)
  2 worker ants
  9 adders
  4 worms
  11 dart slugs (D:3)
  3 giant geckos
  23 orcs
  6 bats
  2 giant cockroaches
  4 goblins
  9 hobgoblins
  4 kobolds
  3 ball pythons
  A giant newt (D:3)
  A quokka skeleton (D:5)
  9 rats
110 creatures vanquished.

Notes
Turn   | Place    | Note
--------------------------------------------------------------
     0 | D:1      | go0n the Formicid Fighter began the quest for the Orb.
     0 | D:1      | Reached XP level 1. HP: 18/18 MP: 1/1
   211 | D:1      | Reached XP level 2. HP: 24/24 MP: 2/2
   611 | D:2      | Noticed Ijyb
   670 | D:2      | Killed Ijyb
   670 | D:2      | Reached skill level 4 in Shields
   670 | D:2      | Reached XP level 3. HP: 12/30 MP: 3/3
   898 | D:2      | Reached XP level 4. HP: 33/37 MP: 4/4
  1824 | D:3      | Reached XP level 5. HP: 43/43 MP: 5/5
  2178 | D:3      | Reached skill level 5 in Fighting
  2178 | D:3      | Reached XP level 6. HP: 19/51 MP: 6/6
  3005 | D:4      | Found an iron altar of Okawaru.
  3005 | D:4      | Found a deep blue altar of Sif Muna.
  3006 | D:4      | Found an ancient bone altar of Kikubaaqudgha.
  3146 | D:4      | Reached skill level 5 in Shields
  3363 | D:4      | Noticed Duvessa
  3363 | D:4      | Noticed Dowan
  3386 | D:4      | Killed Duvessa
  3398 | D:4      | Gained mutation: You are partially covered in large bone plates (AC +2, SH +2). [potion of mutation]
  3398 | D:4      | Gained mutation: You are agile. (Dex +2) [potion of mutation]
  3407 | D:4      | Killed Dowan
  3407 | D:4      | Reached XP level 7. HP: 28/56 MP: 7/7
  3544 | D:4      | Gained mutation: Your spells are a little easier to cast, but a little less powerful. [potion of mutation]
  3544 | D:4      | Gained mutation: You evolve. [potion of mutation]
  3865 | D:5      | Entered Level 5 of the Dungeon
  3866 | D:5      | Found a staircase to the Ecumenical Temple.
  3876 | Temple   | Entered the Ecumenical Temple
  4079 | D:5      | Found a sacrificial altar of Ru.
  4107 | D:5      | Reached skill level 6 in Shields
  4313 | D:5      | Found a shimmering altar of Xom.
  4354 | D:5      | You fall through a shaft!
  4401 | D:6      | Reached XP level 8. HP: 61/64 MP: 8/8
  4408 | D:6      | Reached skill level 5 in Long Blades
  4492 | D:6      | Found an opulent altar of Gozag.
  4495 | D:6      | Found a shimmering altar of Xom.
  4627 | D:6      | Reached skill level 7 in Shields
  4757 | D:7      | Killed from afar by an orc priest

Skill      XL: |  1  2  3  4  5  6  7  8 |
---------------+-------------------------+-----
Fighting       | 4 5 6 |  6.9
Shields        | 4 5 6 7 |  7.3
Long Blades    | 3 4 5 |  5.4
Armour         | |  3.2
Dodging        | |  0.6

Action                   |  1- 3 |  4- 6 |  7- 9 || total
-------------------------+-------+-------+-------++-------
Melee: Long sword        |    66 |   294 |   170 ||   530
 Abil: Dig               |       |     2 |     1 ||     3
Evoke: Wand              |       |     4 |     1 ||     5
  Use: Potion            |     2 |     2 |     2 ||     6
       Scroll            |       |    10 |     2 ||    12
  Eat: Chunk             |       |     3 |     2 ||     5
       Meat ration       |       |     1 |     1 ||     2
Armor: Scale mail        |    39 |    25 |       ||    64
       Chain mail        |       |    58 |       ||    58
       Ring mail         |       |    20 |    89 ||   109
Dodge: Dodged            |    26 |    82 |    92 ||   200
Block: Shield            |    32 |   143 |   152 ||   327
